 Dungeon Crawl Stone Soup version 0.21-a0-442-g848f44b (webtiles) character file.

18465 tof the Carver (level 12, -4/104 (106) HPs)
             Began as a Minotaur Berserker on Nov 15, 2017.
             Was a High Priest of Trog.
             Slain by an 11-headed hydra (9 damage)
             ... on level 3 of the Lair of Beasts.
             The game lasted 00:25:17 (12174 turns).

tof the Carver (Minotaur Berserker)                Turns: 12174, Time: 00:25:17

HP:   -4/104 (106)  AC: 10    Str: 21    XL:     12   Next: 27%
MP:   5/5           EV: 14    Int:  4    God:    Trog [*****.]
Gold: 795           SH: 19    Dex: 16    Spells: 11/11 levels left

rFire    + . .     SeeInvis .   Q - +2 falchion (antimagic)
rCold    . . .     Gourm    .   U - +2 large shield
rNeg     . . .     Faith    .   M - +2 ring mail {rF+}
rPois    +         Spirit   .   I - +1 hat
rElec    .         Reflect  .   E - scarf {cloud immunity}
rCorr    .         Harm     .   (no gloves)
MR       .....     Clarity  +   (no boots)
Stlth    +.........             F - amulet of regeneration
HPRegen  0.67/turn              p - ring of flight
MPRegen  0.09/turn              K - ring of poison resistance

@: no status effects
A: retaliatory headbutt, fangs 1, hooves 1, horns 2, clarity
a: Berserk, Trog's Hand, Brothers in Arms, Burn Spellbooks, Renounce Religion,
Evoke Flight


You were on level 3 of the Lair of Beasts.
You worshipped Trog.
Trog was extremely pleased with you.
You were very hungry.

You visited 2 branches of the dungeon, and saw 15 of its levels.

You collected 795 gold pieces.

Inventory:

Hand Weapons
 t - a +0 long sword
 Q - a +2 antimagic falchion (weapon)
Missiles
 a - 7 tomahawks (quivered)
Armour
 e - a +0 buckler
 D - a +0 leather armour of cold resistance
 E - a scarf of cloud immunity (worn)
 I - a +1 hat (worn)
 M - a +2 ring mail of fire resistance (worn)
 U - a +2 large shield (worn)
Jewellery
 p - a ring of flight (left hand)
 F - an amulet of regeneration (around neck)
 K - a ring of poison resistance (right hand)
Wands
 d - a wand of lightning (10/15)
 J - a wand of confusion (13/48)
 L - a wand of polymorph (11/24)
 N - a wand of clouds (5/9)
 R - a wand of lightning (6/15)
Scrolls
 b - 6 scrolls of teleportation
 i - a scroll of fear
 m - 4 scrolls of fog
 n - 2 scrolls of magic mapping
 o - 5 scrolls of remove curse
 q - 4 scrolls of enchant armour
 s - 3 scrolls of enchant weapon
 B - 3 scrolls of recharging
 G - 2 scrolls of summoning
 P - a scroll of blinking
 S - a scroll of immolation {unknown}
Potions
 g - 2 potions of lignification
 h - a potion of cancellation {unknown}
 j - 4 potions of agility {unknown}
 l - a potion of haste
 u - 3 potions of brilliance {unknown}
 v - 6 potions of curing
 w - 5 potions of heal wounds
 x - a potion of flight
 z - 4 potions of might
 H - a potion of berserk rage
 O - a potion of ambrosia
Books
 y - a book of Cantrips

   Spells                             Type                      Level
   a - Confusing Touch                Hexes                        1
   b - Animate Skeleton               Necromancy                   1
   c - Summon Small Mammal            Summoning                    1
   d - Apportation                    Translocation                1
   Trog disapproves of the use of such an item.
 C - a book of Minor Magic

   Spells                             Type                      Level
   a - Magic Dart                     Conjuration                  1
   b - Blink                          Translocation                2
   c - Call Imp                       Summoning                    2
   d - Slow                           Hexes                        2
   e - Conjure Flame                  Conjuration/Fire             3
   f - Mephitic Cloud                 Conjuration/Poison/Air       3
   Trog disapproves of the use of such an item.
Comestibles
 c - 4 bread rations
 f - 6 meat rations
 k - 11 fruits
 A - 17 royal jellies


   Skills:
 + Level 10.1 Fighting
 * Level 13.4 Long Blades
 + Level 9.9 Armour
 - Level 9.0 Dodging
 * Level 9.3 Shields
 - Level 5.9 Evocations


You had 11 spell levels left.
You didn't know any spells.

Dungeon Overview and Level Annotations

Branches:
Dungeon (12/15)            Temple (0/1) D:7            Lair (3/6) D:10
 Shoals (0/4) Lair:2        Snake (0/4) Lair:2          Orc (0/2) D:11

Altars:
Makhleb


Innate Abilities, Weirdness & Mutations

You reflexively headbutt those who attack you in melee.
You have a pair of horns on your head.
You have very sharp teeth.
You have large cloven feet.
You possess an exceptional clarity of mind.


Message History

You kick the 11-headed hydra. You headbutt the 11-headed hydra.
The 11-headed hydra is severely wounded.
You block the 11-headed hydra's attack. The 11-headed hydra barely misses you.
You block the 11-headed hydra's attack. The 11-headed hydra bites you.
* * * LOW HITPOINT WARNING * * *
You block the 11-headed hydra's attack. The 11-headed hydra barely misses you.
The 11-headed hydra bites you.
* * * LOW HITPOINT WARNING * * *
The 11-headed hydra bites you!
* * * LOW HITPOINT WARNING * * *
The 11-headed hydra bites you.
* * * LOW HITPOINT WARNING * * *
The 11-headed hydra bites you but does no damage.
You block the 11-headed hydra's attack.
Your deep troll goes berserk!
You are feeling very hungry.
The 11-headed hydra bites you.
* * * LOW HITPOINT WARNING * * *
You block the 11-headed hydra's attack. The 11-headed hydra bites you!
You die...

.....# ##..
.....$## #...
#......#..(
##.........
.$....#..(
#.....#.###.###
##..>^./........
........D####...
##......@..#
##.....T..#
#.#....<..#
........####
#.......%
###...P..
##......
#.......
#.#......


You could see a 11-headed hydra and a friendly deep troll (berserk).

Vanquished Creatures
  Josephine (D:10)
  A hydra (Lair:2)
  A two-headed ogre (D:8)
  The ghost of tof the Carver, a novice MiBe of Trog (D:5)
  An ugly thing (D:11)
  A manticore (D:11)
  A centaur zombie (D:10)
  A gargoyle (D:12)
  2 spiny frogs (Lair:2)
  Grinder (D:6)
  5 trolls
  2 hornets
  A slime creature (Lair:1)
  Prince Ribbit (D:8)
  4 hippogriffs
  A wyvern (D:10)
  6 wraiths
  23 yaks
  Sigmund (D:5)
  2 hungry ghosts
  A steam dragon (D:9)
  Grum (D:11)
  A soldier ant (D:10)
  5 water moccasins
  6 orc warriors
  3 ice beasts
  3 phantoms
  3 necrophages
  8 ogres
  2 wolves (D:11)
  5 centaurs
  A crocodile (Lair:2)
  2 big kobolds
  6 bullfrogs
  3 scorpions
  4 killer bees (D:10)
  5 wights (D:6)
  5 crimson imps
  8 howler monkeys
  2 bullfrog zombies
  A centaur skeleton (D:11)
  5 hounds
  10 jellies
  3 orc priests
  2 bullfrog skeletons
  Crazy Yiuf (D:5)
  7 orc wizards
  12 worker ants
  3 hound zombies
  5 hound skeletons
  2 worker ant zombies (D:6)
  10 adders
  12 oozes
  An adder skeleton (D:6)
  An adder zombie (D:8)
  4 worms
  2 dart slugs
  5 leopard geckos
  34 orcs
  3 bats
  7 giant cockroaches
  8 goblins
  2 hobgoblins
  13 jackals
  20 kobolds
  3 quokkas
  2 ball pythons (D:2)
  2 frilled lizards (D:1)
  A giant cockroach zombie (D:6)
  2 quokka zombies
  4 rats
318 creatures vanquished.

Vanquished Creatures (others)
  6 fungi
6 creatures vanquished.

Grand Total: 324 creatures vanquished

Notes
Turn   | Place    | Note
-------+----------+-------------------------------------------
     0 | D:1      | tof the Minotaur Berserker began the quest for the Orb.
     0 | D:1      | Reached XP level 1. HP: 19/19 MP: 0/0
   585 | D:2      | Reached XP level 2. HP: 27/27 MP: 1/1
   651 | D:2      | Reached skill level 4 in Long Blades
   836 | D:2      | Reached skill level 1 in Shields
   836 | D:2      | Reached XP level 3. HP: 26/33 MP: 2/2
   847 | D:2      | Reached ** piety under Trog
  1041 | D:2      | Reached XP level 4. HP: 40/40 MP: 3/3
  1608 | D:3      | Reached skill level 5 in Long Blades
  1749 | D:3      | Reached XP level 5. HP: 42/46 MP: 4/4
  3022 | D:4      | Reached *** piety under Trog
  3025 | D:4      | Reached XP level 6. HP: 52/53 MP: 5/5
  3502 | D:4      | Reached skill level 6 in Long Blades
  3639 | D:4      | Reached skill level 5 in Fighting
  4018 | D:5      | Entered Level 5 of the Dungeon
  4041 | D:5      | Noticed tof's ghost (novice MiBe)
  4056 | D:5      | Killed tof's ghost
  4056 | D:5      | Reached skill level 7 in Long Blades
  4056 | D:5      | Reached skill level 5 in Armour
  4056 | D:5      | Reached XP level 7. HP: 61/61 MP: 6/6
  4171 | D:5      | Noticed Sigmund
  4171 | D:5      | Reached XP level 8. HP: 59/70 MP: 7/7
  4188 | D:5      | Killed Sigmund
  4259 | D:5      | Reached skill level 8 in Long Blades
  4274 | D:5      | Reached skill level 5 in Dodging
  4834 | D:5      | Found a runed door.
  4838 | D:5      | Noticed Crazy Yiuf
  4844 | D:5      | Killed Crazy Yiuf
  4905 | D:6      | Reached skill level 5 in Shields
  5011 | D:6      | Reached skill level 1 in Evocations
  5061 | D:6      | Reached XP level 9. HP: 51/78 MP: 8/8
  5459 | D:6      | Reached skill level 9 in Long Blades
  5494 | D:6      | Noticed Grinder
  5501 | D:6      | Killed Grinder
  5636 | D:6      | Reached **** piety under Trog
  5876 | D:7      | Found a staircase to the Ecumenical Temple.
  6495 | D:8      | Reached skill level 10 in Long Blades
  6749 | D:8      | Noticed Prince Ribbit
  6760 | D:8      | Killed Prince Ribbit
  6823 | D:8      | Noticed a two-headed ogre
  6829 | D:8      | Killed a two-headed ogre
  6829 | D:8      | Reached XP level 10. HP: 87/87 MP: 11/11
  7106 | D:9      | Reached ***** piety under Trog
  7399 | D:9      | Reached skill level 11 in Long Blades
  7460 | D:9      | Found a burning altar of Makhleb.
  7719 | D:10     | Entered Level 10 of the Dungeon
  8066 | D:10     | Noticed Josephine
  8099 | D:10     | Killed Josephine
  8099 | D:10     | Reached XP level 11. HP: 77/93 MP: 13/13
  8388 | D:10     | Reached skill level 12 in Long Blades
  8400 | D:10     | Found a staircase to the Lair.
  8958 | D:11     | Noticed a white ugly thing
  8972 | D:11     | Killed a white ugly thing
  8976 | D:11     | Reached skill level 5 in Evocations
  9115 | D:11     | Gained mutation: You occasionally shout uncontrollably at your foes. [mutagenic meat]
  9116 | D:11     | Gained mutation: You can translocate small distances at will. [mutagenic meat]
  9117 | D:11     | Gained mutation: You are dopey. (Int -2) [mutagenic meat]
  9133 | D:11     | Lost mutation: You are dopey. (Int -2) [potion of mutation]
  9133 | D:11     | Lost mutation: You occasionally shout uncontrollably at your foes. [potion of mutation]
  9133 | D:11     | Lost mutation: You can translocate small distances at will. [potion of mutation]
  9133 | D:11     | Gained mutation: You occasionally shout uncontrollably at your foes. [potion of mutation]
  9133 | D:11     | Gained mutation: You can translocate small distances at will. [potion of mutation]
  9133 | D:11     | Gained mutation: You are dopey. (Int -2) [potion of mutation]
  9133 | D:11     | Gained mutation: You have very sharp teeth. [potion of mutation]
  9134 | D:11     | Lost mutation: You occasionally shout uncontrollably at your foes. [potion of mutation]
  9134 | D:11     | Lost mutation: You can translocate small distances at will. [potion of mutation]
  9134 | D:11     | Lost mutation: You are dopey. (Int -2) [potion of mutation]
  9134 | D:11     | Gained mutation: You have large cloven feet. [potion of mutation]
  9134 | D:11     | Gained mutation: You possess an exceptional clarity of mind. [potion of mutation]
  9346 | D:11     | Noticed Grum
  9352 | D:11     | Killed Grum
 10019 | D:11     | Found a staircase to the Orcish Mines.
 10298 | D:12     | Reached skill level 13 in Long Blades
 10504 | Lair:1   | Entered Level 1 of the Lair of Beasts
 10841 | Lair:1   | Reached XP level 12. HP: 104/104 MP: 15/15
 10845 | Lair:1   | Reached ****** piety under Trog
 10845 | Lair:1   | Received a gift from Trog
 11293 | Lair:2   | Noticed a five-headed hydra
 11300 | Lair:2   | Killed a six-headed hydra
 11335 | Lair:2   | Found a staircase to the Snake Pit.
 11361 | Lair:2   | Reached skill level 10 in Fighting
 11920 | Lair:2   | Found a staircase to the Shoals.
 12159 | Lair:3   | Noticed a six-headed hydra
 12174 | Lair:3   | HP: 5/104 [11-headed hydra (4)]
 12174 | Lair:3   | Slain by an 11-headed hydra

Vault maps used:
D:1:      dpeg_arrival_pits, serial_forest, infiniplex_forest_lined_corner,
          infiniplex_forest_straight_1, infiniplex_forest_straight_4,
          infiniplex_forest_zigzag_1, infiniplex_forest_straight_1
D:2:      grunt_decor_one_mirror
D:4:      first_bread
D:5:      uniq_crazy_yiuf_cottage, uniq_sigmund
D:6:      serial_undead, serial_undead_a, serial_undead_b, serial_undead_f,
          serial_undead_d, uniq_grinder
D:7:      minmay_temple_entry_statues_fountains
D:8:      basic_loot_grate_trap, uniq_prince_ribbit1
D:9:      makhleb_blood_cavern_becter
D:10:     grunt_lair_entry_orc_guard_hut, hangedman_pestilent_swarm,
          uniq_josephine
D:11:     david_orc_4, uniq_grum
D:12:     uniq_kirke, uniq_harold
Lair:1:   lemuel_slime
Lair:2:   shoals_dummy_entry, dummy_snake_entry, hibernation_bobbens,
          serial_bayou_shore_a, grunt_megastairs_3
Lair:3:   uniq_urug

Skill      XL: |  1  2  3  4  5  6  7  8  9 10 11 12 |
---------------+-------------------------------------+-----
Long Blades    | 4 5 7 8 10 11 13 | 13.4
Fighting       | 4 5 6 7 8 9 10 | 10.1
Armour         | 3 5 6 7 8 9 |  9.9
Shields        | 1 2 4 5 6 7 9 |  9.3
Dodging        | 3 4 5 6 7 8 9 |  9.0
Evocations     | 1 3 4 5 |  5.9

Action                   |  1- 3 |  4- 6 |  7- 9 | 10-12 || total
-------------------------+-------+-------+-------+-------++-------
Melee: Falchion          |    31 |       |       |   126 ||   157
       Headbutt          |    12 |    29 |    60 |   190 ||   291
       Long sword        |    19 |   133 |   257 |   499 ||   908
       Kick              |       |       |       |   145 ||   145
       Bite              |       |       |       |    40 ||    40
Throw: Tomahawk          |       |       |     3 |    27 ||    30
Invok: Berserk           |       |     2 |     4 |     5 ||    11
       Trog's Hand       |       |       |     2 |     2 ||     4
       Brothers in Arms  |       |       |       |     2 ||     2
  Use: Scroll            |       |     9 |     3 |    11 ||    23
       Potion            |       |       |       |     2 ||     2
 Stab: Distracted        |       |       |     1 |       ||     1
  Eat: Chunk             |       |    10 |    10 |    24 ||    44
       Bread ration      |       |       |     1 |     1 ||     2
Armor: Ring mail         |    19 |    19 |    22 |   105 ||   165
       Animal skin       |     1 |       |       |       ||     1
       Leather armour    |       |     4 |    32 |       ||    36
Dodge: Dodged            |    24 |    70 |   144 |   318 ||   556
Block: Buckler           |     7 |    22 |    63 |   141 ||   233
       Large shield      |       |       |       |    24 ||    24
       Rpst.: Falchion   |     6 |       |       |    14 ||    20
       Long sword        |     4 |    20 |    37 |    60 ||   121

Table legend:
 A = Spawn XP
 B = Non-spawn XP
 C = Spawn XP percentage of total XP
 D = Spawn monster count
 E = Non-spawn monster count
 F = Spawn count percentage of total count
 G = Total turns spent on level
                    A         B        C        D         E        F      G
               +---------+---------+-------+---------+---------+-------+---------
         Total |       0 |   26379 |   0.0 |       0 |     318 |   0.0 | 12174
               +---------+---------+-------+---------+---------+-------+---------
           D:1 |       0 |       7 |   0.0 |       0 |       5 |   0.0 |   576
           D:2 |       0 |     165 |   0.0 |       0 |      29 |   0.0 |   871
           D:3 |       0 |      82 |   0.0 |       0 |      25 |   0.0 |  1410
           D:4 |       0 |     432 |   0.0 |       0 |      19 |   0.0 |  1161
           D:5 |       0 |    1439 |   0.0 |       0 |      14 |   0.0 |   877
           D:6 |       0 |    1518 |   0.0 |       0 |      39 |   0.0 |   981
           D:7 |       0 |     866 |   0.0 |       0 |      18 |   0.0 |   513
           D:8 |       0 |    1647 |   0.0 |       0 |      14 |   0.0 |   644
           D:9 |       0 |    2625 |   0.0 |       0 |      27 |   0.0 |   686
          D:10 |       0 |    6771 |   0.0 |       0 |      42 |   0.0 |  1260
          D:11 |       0 |    5087 |   0.0 |       0 |      43 |   0.0 |  1389
          D:12 |       0 |     891 |   0.0 |       0 |       5 |   0.0 |   190
        Lair:1 |       0 |     987 |   0.0 |       0 |      22 |   0.0 |   735
        Lair:2 |       0 |    3862 |   0.0 |       0 |      16 |   0.0 |   863
               +---------+---------+-------+---------+---------+-------+---------
